[Event "Titled Tuesday Blitz April 12 Early 2022"]
[White "Artemenko, Oleg"]
[Black "GodDMuhammad"]
[WhiteFideId "14201798"]
[WhiteElo "2287"]
[BlackElo "2318"]
[Result "1/2-1/2"]
[Round "06"]
[TimeControl "180+1"]
[Date "2022.04.13"]
[WhiteClock "0:01:18"]
[BlackClock "0:00:33"]

1. d4 Nf6 2. Nc3 c5 3. dxc5 Na6 4. e4 Nxc5 5. e5 Ng8 6. Nf3 e6 7. Be3 b6 8. b4 Na6 9. a3 Nc7 10. Ne4 f5 11. Nd6+ Bxd6 12. Qxd6 Nd5 13. Bg5 Qc7 14. Qxc7 Nxc7 15. O-O-O Bb7 16. Nd4 a6 17. f3 Ne7 18. c4 Rc8 19. Kb2 h6 20. Be3 g5 21. h4 f4 22. Bf2 Ng6 23. hxg5 hxg5 24. Rxh8+ Nxh8 25. Bd3 Ke7 26. Nb3 Nf7 27. Re1 b5 28. Bc5+ d6 29. exd6+ Nxd6 30. Nd4 Kd7 31. cxb5 Ndxb5 32. Nb3 Bd5 33. a4 Nd6 34. Kc3 Nb7 35. Re5 Nxc5 36. Nxc5+ Kd6 37. Rxg5 a5 38. g3 axb4+ 39. Kxb4 Rb8+ 40. Bb5 fxg3 41. Rxg3 Ba2 42. Rg7 Nd5+ 43. Ka3 Kxc5 44. Kxa2 Nc3+ 45. Kb3 Nxb5 46. Rg5+ Kc6 47. axb5+ Rxb5+ 48. Rxb5 Kxb5 49. Kc3 Kc5 50. Kd3 Kd5 51. Ke3 Ke5 52. Ke2 Kf4 53. Kf2 e5 54. Ke2 e4 55. fxe4 Kxe4 1/2-1/2


[Site "https://www.chess.com"]

[Event "Titled Tuesday Blitz April 12 Early 2022"]
[White "Atakhan, Abtin"]
[Black "Le Ruyet, Leopold"]
[WhiteFideId "22502203"]
[BlackFideId "645923"]
[WhiteElo "2094"]
[BlackElo "2276"]
[Result "1-0"]
[Round "06"]
[TimeControl "180+1"]
[Date "2022.04.13"]
[WhiteClock "0:00:20"]
[BlackClock "0:00:02"]

1. c4 Nf6 2. g3 g6 3. Bg2 Bg7 4. Nc3 O-O 5. Nf3 d6 6. O-O c6 7. d3 e5 8. Rb1 a5 9. a3 Nh5 10. b4 axb4 11. axb4 f5 12. Bb2 Be6 13. Ra1 Nd7 14. Nd2 Rxa1 15. Qxa1 f4 16. b5 fxg3 17. hxg3 Qb6 18. Nde4 h6 19. Na4 Qa7 20. b6 Nxb6 21. Nxb6 Qxb6 22. c5 Qb5 23. cxd6 Bg4 24. Ba3 Bxe2 25. Qa2+ Kh7 26. Qxe2 Qa4 27. Bc5 Qb3 28. Nd2 Qc2 29. Ba3 Qa2 30. Bb4 b6 31. d7 c5 32. Bc3 Qc2 33. Bxe5 Nf6 34. Bxf6 Bxf6 35. Qe8 Kg7 36. Be4 Rf7 37. Nf3 1-0


[Site "https://www.chess.com"]

[Event "Titled Tuesday Blitz April 12 Early 2022"]
[White "Avalos Parra, Joao"]
[Black "Tregubov, Pavel V."]
[WhiteFideId "3402541"]
[BlackFideId "4115341"]
[WhiteElo "2173"]
[BlackElo "2341"]
[Result "1-0"]
[Round "06"]
[TimeControl "180+1"]
[Date "2022.04.13"]
[WhiteClock "0:00:10"]
[BlackClock "0:00:15"]

1. d4 Nf6 2. c4 e6 3. Nc3 Bb4 4. e3 O-O 5. Ne2 d5 6. a3 Be7 7. cxd5 exd5 8. g3 c5 9. Bg2 Nc6 10. O-O Be6 11. Nf4 cxd4 12. exd4 Qd7 13. Re1 Rad8 14. Nxe6 fxe6 15. Bh3 Kh8 16. Bxe6 Qc7 17. Bf4 Bd6 18. Nb5 Bxf4 19. Nxc7 Bxc7 20. Rc1 Bb6 21. Rxc6 bxc6 22. Qa4 Ne4 23. f4 c5 24. Qd1 cxd4 25. Kg2 Nd6 26. b3 a5 27. Qd3 a4 28. Qa6 Rb8 29. Qxa4 Rfe8 30. Qb4 Red8 31. Re5 Bc7 32. Qxd4 Nb5 33. Qe3 Bxe5 34. Qxe5 d4 35. Bc4 Nxa3 36. Bd3 Rxb3 37. Qf5 Rxd3 38. Qxd3 Ra8 39. Qxd4 h6 40. Qd5 Rb8 41. f5 Nc2 42. Qd6 Rb2 43. Kh3 Ne3 44. f6 Nf5 45. Qf8+ Kh7 46. fxg7 Nxg7 47. Qf6 Rb5 48. Qf3 Rf5 49. Qd3 Kh8 50. g4 Rg5 51. Qd8+ Kh7 52. Qd3+ Kh8 53. Qe3 Ra5 54. Qb6 Rg5 55. Qxh6+ Kg8 56. Qxg5 Kf7 57. Qxg7+ Kxg7 58. Kg3 1-0


[Site "https://www.chess.com"]

[Event "Titled Tuesday Blitz April 12 Early 2022"]
[White "Ayushh, Ravikumar"]
[Black "Politov, Pavel Y."]
[WhiteFideId "35039482"]
[BlackFideId "24110515"]
[WhiteElo "1441"]
[BlackElo "2090"]
[Result "0-1"]
[Round "06"]
[TimeControl "180+1"]
[Date "2022.04.13"]
[WhiteClock "0:00:52"]
[BlackClock "0:00:22"]

1. e4 c5 2. Nf3 d6 3. d4 cxd4 4. Nxd4 Nf6 5. Nc3 a6 6. Bg5 e6 7. f4 h6 8. Bxf6 Qxf6 9. g3 g5 10. Qd2 gxf4 11. gxf4 Qh4+ 12. Qf2 Qxf2+ 13. Kxf2 Bg7 14. Ke3 b5 15. Rg1 Bf6 16. f5 Bxd4+ 17. Kxd4 Nc6+ 18. Ke3 exf5 19. Nd5 Kd8 20. Bg2 fxe4 21. Bxe4 Bb7 22. Rg7 Re8 23. Rxf7 Rxe4+ 24. Kxe4 Ne7 25. Rxe7 Bxd5+ 26. Kxd5 Kxe7 27. Re1+ Kd7 28. Rg1 Rf8 29. Rg7+ Kc8 30. Kc6 d5 31. Rg6 d4 32. Rxh6 Kb8 33. Kb6 Kc8 34. Kxa6 Rf2 35. Kxb5 Rxc2 36. Rc6+ Rxc6 37. Kxc6 d3 38. a4 d2 39. b4 d1=Q 40. a5 Qa4+ 41. Kc5 Kc7 42. h4 Qc6+ 43. Kd4 Qb5 44. Kc3 Kd6 45. Kb3 Ke6 46. Kc3 Kf6 47. Kd4 Qxb4+ 48. Kd5 Qxa5+ 49. Ke4 Kg6 50. Kf3 Kh5 51. Kf4 Qa4+ 52. Kf3 Qxh4 53. Kg2 Qf4 54. Kh3 Qg4+ 55. Kh2 Kg5 56. Kh1 Kf5 57. Kh2 Ke4 58. Kh1 Kf3 0-1


[Site "https://www.chess.com"]

[Event "Titled Tuesday Blitz April 12 Early 2022"]
[White "Barp, Alberto"]
[Black "Girinath, P.D.S."]
[WhiteFideId "872555"]
[BlackFideId "5000572"]
[WhiteElo "2229"]
[BlackElo "2369"]
[Result "1-0"]
[Round "06"]
[TimeControl "180+1"]
[Date "2022.04.13"]
[WhiteClock "0:00:17"]
[BlackClock "0:00:15"]

1. d4 e6 2. Bf4 f5 3. e4 fxe4 4. Nc3 Nf6 5. f3 Bb4 6. fxe4 Nxe4 7. Qh5+ g6 8. Qe5 Nf6 9. Bh6 Nc6 10. Qe2 Nd5 11. O-O-O Bxc3 12. bxc3 Nxc3 13. Qe1 Nxd1 14. d5 Qf6 15. dxc6 Nc3 16. Nf3 bxc6 17. Bd3 Nxa2+ 18. Kd1 Qa1+ 19. Kd2 Qxe1+ 20. Rxe1 Nb4 21. Bc4 Ba6 22. Bb3 c5 23. c3 Nc6 24. Ba4 Bb7 25. Ng5 Ke7 26. Ne4 d6 27. Bg5+ Kd7 28. Bh6 Ke7 29. Rf1 Ne5 30. Bg5# 1-0


[Site "https://www.chess.com"]

[Event "Titled Tuesday Blitz April 12 Early 2022"]
[White "Bintang, Rasyid A. Hidayat"]
[Black "Biletskiy, Danylo"]
[WhiteFideId "7105355"]
[BlackFideId "14155419"]
[WhiteElo "2402"]
[BlackElo "2087"]
[Result "0-1"]
[Round "06"]
[TimeControl "180+1"]
[Date "2022.04.13"]
[WhiteClock "0:00:13"]
[BlackClock "0:00:34"]

1. d4 d5 2. Bf4 c6 3. e3 Nf6 4. c4 g6 5. Nc3 Bg7 6. Nf3 O-O 7. Ne5 Ne4 8. Bd3 f6 9. Nf3 Bf5 10. Bxe4 Bxe4 11. Nxe4 dxe4 12. Nd2 f5 13. O-O Nd7 14. c5 Kh8 15. Nc4 Re8 16. Rc1 b5 17. cxb6 axb6 18. Qb3 b5 19. Ne5 Nxe5 20. Bxe5 Bxe5 21. dxe5 Rc8 22. Rfd1 Qc7 23. e6 Red8 24. g3 Kg8 25. Qc3 Rd6 26. Rxd6 Qxd6 27. Qb3 Rd8 28. Kg2 Rb8 29. Rd1 Qe5 30. Rd7 Kf8 31. a3 c5 32. Qd5 Qxd5 33. Rxd5 Rc8 34. Rd7 Rc6 35. Rb7 b4 36. axb4 cxb4 37. Rxb4 Rxe6 38. Rb8+ Kf7 39. Kf1 Rc6 40. b4 Rc1+ 41. Ke2 Rc2+ 42. Ke1 Rb2 43. b5 Kg7 44. b6 e5 45. b7 Kh6 46. h4 Kh5 47. Kd1 Kg4 48. Kc1 Rb6 49. Kc2 Kf3 50. Kc3 Kxf2 51. Kc4 Kxe3 52. Kc5 Rb1 53. Kc6 f4 54. Ra8 fxg3 55. Ra3+ Kf2 56. Ra2+ Kf3 57. Ra5 g2 58. Rb5 Rxb5 59. Kxb5 g1=Q 0-1


[Site "https://www.chess.com"]

[Event "Titled Tuesday Blitz April 12 Early 2022"]
[White "Bortnyk, Olexandr"]
[Black "Shimanov, Aleksandr"]
[WhiteFideId "14120828"]
[BlackFideId "4198603"]
[WhiteElo "2723"]
[BlackElo "2636"]
[Result "1-0"]
[Round "06"]
[TimeControl "180+1"]
[Date "2022.04.12"]
[WhiteClock "0:00:05"]
[BlackClock "0:00:02"]

1. e4 e5 2. Bc4 Nf6 3. d3 Nc6 4. Nc3 Bb4 5. Bd2 Bxc3 6. Bxc3 d5 7. exd5 Nxd5 8. Ne2 O-O 9. O-O Be6 10. Bd2 Qd6 11. Re1 Rfe8 12. a3 Nf6 13. Bxe6 Rxe6 14. Ng3 Qd7 15. Bc3 Rae8 16. Qf3 Qd5 17. Ne4 Nxe4 18. Rxe4 f6 19. Rae1 Qd7 20. h4 Nd8 21. Rg4 c5 22. h5 Nf7 23. Bd2 h6 24. Qf5 Rd6 25. Qf3 Rd4 26. Rg6 Nh8 27. Rg3 Kh7 28. Re4 f5 29. Rxd4 cxd4 30. c3 dxc3 31. Bxc3 Nf7 32. Rg6 Nh8 33. Rg3 Nf7 34. Qe2 f4 35. Qe4+ Kh8 36. Rg6 Ng5 37. Qc4 Qg4 38. Qb5 Rf8 39. Rxg7 Kxg7 40. Qxe5+ Kf7 41. Qf6+ Ke8 42. Qg6+ Rf7 43. Qg8+ Kd7 44. Qg6 Nf3+ 45. Kf1 Qxg6 46. hxg6 Rf8 47. gxf3 Rg8 48. g7 Ke6 49. Kg2 Kf5 50. Kh3 Kg5 51. a4 a6 52. Be5 b5 53. axb5 axb5 54. d4 Kf5 55. Kh4 Re8 56. Kh5 1-0


[Site "https://www.chess.com"]

[Event "Titled Tuesday Blitz April 12 Early 2022"]
[White "Bowden, Karl"]
[Black "Baches Garcia, Guillermo"]
[WhiteFideId "400548"]
[BlackFideId "2209764"]
[WhiteElo "2355"]
[BlackElo "2479"]
[Result "0-1"]
[Round "06"]
[TimeControl "180+1"]
[Date "2022.04.13"]
[WhiteClock "0:00:02"]
[BlackClock "0:00:03"]

1. e4 c5 2. c3 d5 3. exd5 Qxd5 4. d4 Nc6 5. Nf3 Bg4 6. Be2 cxd4 7. cxd4 e6 8. h3 Bh5 9. Nc3 Bb4 10. O-O Qa5 11. Be3 Nge7 12. Qb3 O-O 13. a3 Bxc3 14. bxc3 Qc7 15. c4 Rfd8 16. Rfd1 Rac8 17. Rac1 b6 18. d5 Bxf3 19. Bxf3 Na5 20. Qb4 Nf5 21. dxe6 fxe6 22. Rxd8+ Rxd8 23. c5 Nxe3 24. fxe3 Nc6 25. cxb6 axb6 26. Rxc6 Qg3 27. Qb1 Rd2 28. Rxb6 g6 29. Rb8+ Kg7 30. Rb7+ Kh6 31. Qf1 Qe5 32. e4 Qd4+ 33. Kh1 Rf2 34. Qe1 Rd2 35. Rb1 Qd3 36. Rd1 Rxd1 37. Qxd1 Qe3 38. a4 Kg5 39. Qa1 Kf4 40. a5 Qa7 41. a6 e5 42. Qa3 Kg5 43. Qc1+ Kh4 44. Qe1+ Kg5 45. Qd2+ Kf6 46. Qa2 Qd4 0-1


[Site "https://www.chess.com"]

[Event "Titled Tuesday Blitz April 12 Early 2022"]
[White "Brodowski, Piotr"]
[Black "Demchenko, Anton"]
[WhiteFideId "1124480"]
[BlackFideId "4160258"]
[WhiteElo "2422"]
[BlackElo "2539"]
[Result "1-0"]
[Round "06"]
[TimeControl "180+1"]
[Date "2022.04.12"]
[WhiteClock "0:00:12"]
[BlackClock "0:00:06"]

1. c4 e6 2. Nf3 Nf6 3. Nc3 Bb4 4. Qc2 O-O 5. e3 b6 6. b3 Bb7 7. Bb2 a5 8. a3 Bxc3 9. Qxc3 d6 10. Be2 e5 11. d3 c5 12. O-O Nc6 13. e4 Nh5 14. Nxe5 Nf4 15. Nxc6 Nxe2+ 16. Kh1 Qg5 17. Ne7+ Kh8 18. f4 Qg4 19. Qd2 f5 20. Rae1 Rae8 21. Nxf5 Rxf5 22. Rxe2 Rh5 23. Re3 Kg8 24. Kg1 Re7 25. Rg3 Qh4 26. Qc3 Qxh2+ 27. Kf2 g6 28. Qh8+ Kf7 29. Qf6+ Ke8 30. Qxd6 Rc7 31. Qxc7 1-0


[Site "https://www.chess.com"]

[Event "Titled Tuesday Blitz April 12 Early 2022"]
[White "Bryakin, Mikhail"]
[Black "Tan, Jun Ying"]
[WhiteFideId "4165314"]
[BlackFideId "5710413"]
[WhiteElo "2417"]
[BlackElo "1827"]
[Result "1-0"]
[Round "06"]
[TimeControl "180+1"]
[Date "2022.04.13"]
[WhiteClock "0:00:04"]
[BlackClock "0:00:39"]

1. e4 c5 2. Nf3 Nc6 3. Bb5 d6 4. Bxc6+ bxc6 5. O-O e5 6. d3 f5 7. Bg5 Nf6 8. exf5 Bxf5 9. Nbd2 Be7 10. Nc4 O-O 11. Qd2 Nd5 12. Bxe7 Qxe7 13. Ne3 Be6 14. Nxd5 cxd5 15. Ne1 d4 16. f3 Rab8 17. b3 d5 18. c3 Qd6 19. Nc2 Rf6 20. Rae1 Rbf8 21. cxd4 cxd4 22. Qe2 Rf5 23. Nxd4 Qb6 24. Qe3 Qxd4 25. Qxd4 exd4 26. Rxe6 R8f6 27. Rfe1 Kf7 28. Re7+ Kg6 29. Rxa7 Rc6 30. Re2 Rc1+ 31. Kf2 Kh6 32. Ra4 Rh5 33. Rxd4 Rxh2 34. Rxd5 Rhh1 35. Kg3 g6 36. Rd7 Ra1 37. Ree7 Kg5 38. Rxh7 Rxh7 39. Rxh7 Rxa2 40. Rd7 Rb2 41. Rd5+ Kf6 42. Rb5 Rd2 43. Kf4 Rxg2 44. Rb6+ Kf7 45. d4 Rd2 46. Ke3 Rd1 47. b4 g5 48. b5 Rb1 49. Rb7+ Ke6 50. Rb8 Re1+ 51. Kd2 Rf1 52. Ke2 Rb1 53. b6 Rb4 54. b7 Kd7 55. Rg8 Rxb7 56. Rg7+ Kc6 57. Rxb7 Kxb7 58. Ke3 Kc6 59. Ke4 Kd6 60. Kf5 Kd5 61. Kxg5 Kxd4 62. f4 Kd5 63. f5 Kd6 64. Kg6 Ke7 65. Kg7 Ke8 66. f6 Kd7 67. f7 Kc6 68. f8=Q Kb5 69. Qd6 Kc4 70. Kf6 Kb3 71. Qc5 Kb2 72. Qc4 Ka3 73. Qb5 Ka2 74. Qb4 Ka1 75. Ke5 Ka2 76. Kd4 Ka1 77. Kc3 Ka2 78. Qb2# 1-0


[Site "https://www.chess.com"]

[Event "Titled Tuesday Blitz April 12 Early 2022"]
[White "Caputcuoglu, Zeki Berke"]
[Black "Yeletsky, Ivan"]
[WhiteFideId "34548610"]
[BlackFideId "24180327"]
[WhiteElo "1368"]
[BlackElo "2319"]
[Result "0-1"]
[Round "06"]
[TimeControl "180+1"]
[Date "2022.04.13"]
[WhiteClock "0:00:10"]
[BlackClock "0:01:01"]

1. e4 Nc6 2. Nf3 d6 3. d4 Nf6 4. Nc3 g6 5. Be3 Ng4 6. Bg5 f6 7. Bh4 Bg7 8. h3 Nh6 9. Bc4 Nf7 10. Qe2 e6 11. O-O-O O-O 12. e5 a6 13. Ne4 g5 14. exf6 Bxf6 15. Nxf6+ Qxf6 16. Bg3 b5 17. Bd3 Nb4 18. Be4 Rb8 19. Kb1 Bb7 20. h4 Bxe4 21. Qxe4 g4 22. Qxg4+ Kh8 23. Ng5 Rbe8 24. a3 Nd5 25. Rde1 Nh6 26. Qe4 Nf5 27. Nxe6 c6 28. h5 Nc7 29. Qxc6 Nxe6 30. Bxd6 Nexd4 31. Be5 Qxe5 32. Rxe5 Nxc6 33. Rxe8 Rxe8 0-1


[Site "https://www.chess.com"]

[Event "Titled Tuesday Blitz April 12 Early 2022"]
[White "Caruana, Fabiano"]
[Black "Ahmadzada, Ahmad"]
[WhiteFideId "2020009"]
[BlackFideId "13413007"]
[WhiteElo "2744"]
[BlackElo "2228"]
[Result "1-0"]
[Round "06"]
[TimeControl "180+1"]
[Date "2022.04.12"]
[WhiteClock "0:00:07"]
[BlackClock "0:00:03"]

1. e4 d5 2. exd5 Qxd5 3. Nc3 Qd8 4. d4 Nf6 5. Nf3 Bg4 6. h3 Bxf3 7. Qxf3 c6 8. Be3 e6 9. O-O-O Nbd7 10. Kb1 Nd5 11. Bd2 Bb4 12. Ne4 Bxd2 13. Rxd2 N7f6 14. Nc5 Qb6 15. Qb3 Qxb3 16. axb3 O-O-O 17. g3 Nb6 18. Bg2 e5 19. Rhd1 Rxd4 20. Rxd4 exd4 21. Rxd4 Re8 22. Kc1 Re2 23. Rd2 Rxd2 24. Kxd2 Nbd7 25. Nd3 Kc7 26. f4 Kd6 27. b4 b6 28. c4 a5 29. c5+ Kc7 30. cxb6+ Nxb6 31. bxa5 Nc4+ 32. Kc3 Nxa5 33. Ne5 Nh5 34. Nxf7 Nxg3 35. Bf3 Nb7 36. Ng5 Nc5 37. b4 Na4+ 38. Kd4 Kd6 39. Nxh7 c5+ 40. bxc5+ Nxc5 41. Bg4 Ne6+ 42. Ke3 g6 43. Nf6 Ng7 44. Kf3 N3f5 45. Bxf5 Nxf5 46. Kg4 Ke6 47. Kg5 Kf7 48. Ng4 Ne7 49. Ne5+ Kg7 50. h4 Kh7 51. Nd3 Kg7 52. Nc5 Kh7 53. Ne6 Kg8 54. Kf6 Nd5+ 55. Kxg6 Ne7+ 56. Kg5 Kf7 57. f5 Nd5 58. h5 Nf6 59. h6 Nh7+ 60. Kf4 Kf6 61. Nc5 Nf8 62. Ne4+ Kf7 63. Kg4 Nh7 64. Ng5+ 1-0


[Site "https://www.chess.com"]

[Event "Titled Tuesday Blitz April 12 Early 2022"]
[White "Chernomordik, Pavel"]
[Black "Mangialardo, Tiago Carvalho"]
[WhiteFideId "2804530"]
[BlackFideId "2130718"]
[WhiteElo "2220"]
[BlackElo "2065"]
[Result "1-0"]
[Round "06"]
[TimeControl "180+1"]
[Date "2022.04.13"]
[WhiteClock "0:02:08"]
[BlackClock "0:00:04"]

1. e4 Nf6 2. Nc3 d5 3. e5 Nfd7 4. f4 e6 5. Nf3 c5 6. g3 Nc6 7. Bg2 f6 8. Qe2 Nd4 9. Nxd4 cxd4 10. exf6 Nxf6 11. Nb5 Qb6 12. c3 dxc3 13. dxc3 Bc5 14. b4 Bd7 15. a4 Bxb5 16. axb5 Be7 17. Be3 Qc7 18. Bd4 Qd7 19. O-O O-O 20. Rfe1 Kh8 21. Qxe6 1-0


[Site "https://www.chess.com"]

[Event "Titled Tuesday Blitz April 12 Early 2022"]
[White "Colas, Joshua"]
[Black "Namitbir Singh Walia"]
[WhiteFideId "2044447"]
[BlackFideId "35071068"]
[WhiteElo "2347"]
[BlackElo "1565"]
[Result "1/2-1/2"]
[Round "06"]
[TimeControl "180+1"]
[Date "2022.04.13"]
[WhiteClock "0:00:43"]
[BlackClock "0:00:09"]

1. e4 c5 2. Nc3 Nc6 3. f4 g6 4. Bc4 Bg7 5. Nf3 e6 6. O-O Nge7 7. d3 O-O 8. Qe1 d5 9. Bb3 a6 10. Qh4 b5 11. a3 c4 12. Ba2 Nd4 13. Nxd4 Bxd4+ 14. Kh1 Bg7 15. f5 exf5 16. exd5 Nxd5 17. Qxd8 Rxd8 18. Nxd5 Rxd5 19. dxc4 bxc4 20. Bxc4 Rc5 21. Bd3 Be6 22. Be3 Rc7 23. Rab1 Bc4 24. Bxc4 Rxc4 25. c3 Re4 26. Rbe1 Rae8 27. Bf2 Re2 28. Kg1 R8e6 29. Rxe2 Rxe2 30. Re1 Rxe1+ 31. Bxe1 Kf8 32. Kf2 Ke7 33. Ke3 Kd6 34. Kd3 Be5 35. h3 f4 36. b4 f5 37. c4 g5 38. a4 h5 39. a5 Kc6 40. Bc3 Bxc3 41. Kxc3 g4 42. hxg4 fxg4 43. Kd3 h4 44. Ke2 h3 45. gxh3 gxh3 46. Kf3 Kd6 47. b5 axb5 48. cxb5 Kc7 49. Kf2 Kb7 50. Kf3 Ka7 51. Kf2 Kb7 52. a6+ Kb6 53. Kf3 Ka7 54. Kf2 Kb6 55. Kf3 Ka7 56. Kf2 Kb6 1/2-1/2


[Site "https://www.chess.com"]

[Event "Titled Tuesday Blitz April 12 Early 2022"]
[White "Czerw, Dawid"]
[Black "Broca Jimenez, Fernando"]
[WhiteFideId "1145746"]
[BlackFideId "5104742"]
[WhiteElo "2125"]
[BlackElo "2062"]
[Result "1-0"]
[Round "06"]
[TimeControl "180+1"]
[Date "2022.04.13"]
[WhiteClock "0:01:45"]
[BlackClock "0:00:39"]

1. d4 Nf6 2. c4 e6 3. Nc3 Bb4 4. f3 d5 5. a3 Bxc3+ 6. bxc3 O-O 7. cxd5 exd5 8. e3 Re8 9. Bd3 c5 10. Ne2 c4 11. Bc2 Nc6 12. O-O Bd7 13. Ng3 Qc7 14. e4 dxe4 15. fxe4 Bg4 16. Qe1 h5 17. e5 Rad8 18. h3 h4 19. Ne4 Nxe4 20. Qxe4 Be6 21. Qh7+ Kf8 22. Bg5 f6 23. Rxf6+ Bf7 24. Qh8+ Ke7 25. Qxg7 Kd7 26. Bf5+ 1-0


[Site "https://www.chess.com"]

[Event "Titled Tuesday Blitz April 12 Early 2022"]
[White "Dang, Hoang Son"]
[Black "Kaminski, Victor"]
[WhiteFideId "12402435"]
[BlackFideId "1131630"]
[WhiteElo "2252"]
[BlackElo "2181"]
[Result "1-0"]
[Round "06"]
[TimeControl "180+1"]
[Date "2022.04.13"]
[WhiteClock "0:00:44"]
[BlackClock "0:00:02"]

1. d4 Nf6 2. Bf4 c5 3. d5 e6 4. Nc3 Qa5 5. Bd2 Qd8 6. e4 exd5 7. exd5 a6 8. a4 Bd6 9. g3 O-O 10. Bg2 Re8+ 11. Nge2 Bc7 12. O-O d6 13. h3 Bf5 14. g4 Bg6 15. Ng3 Ba5 16. f4 Bxc3 17. Bxc3 Ne4 18. Bxe4 Bxe4 19. Re1 Qh4 20. Kh2 Nd7 21. Rxe4 f5 22. Re6 Nf8 23. Rxe8 Rxe8 24. Qf3 fxg4 25. Qxg4 Qh6 26. Nf5 Qg6 27. Nxd6 Qxg4 28. hxg4 Re2+ 29. Kg3 Rxc2 30. Nxb7 Nd7 31. Re1 Kf8 32. Nd6 Nf6 33. g5 Nh5+ 34. Kg4 Rg2+ 35. Kxh5 g6+ 36. Kh4 1-0


[Site "https://www.chess.com"]

[Event "Titled Tuesday Blitz April 12 Early 2022"]
[White "De Arruda, Leandro Formes"]
[Black "Gatterer, Florian"]
[WhiteFideId "22722009"]
[BlackFideId "811688"]
[WhiteElo "1852"]
[BlackElo "2218"]
[Result "1/2-1/2"]
[Round "06"]
[TimeControl "180+1"]
[Date "2022.04.13"]
[WhiteClock "0:00:07"]
[BlackClock "0:00:03"]

1. d4 Nf6 2. Nf3 d5 3. e3 c6 4. Nbd2 Bf5 5. Be2 e6 6. O-O h6 7. b3 Nbd7 8. Bb2 a5 9. a4 Ne4 10. Nxe4 Bxe4 11. Nd2 Bh7 12. c4 Bd6 13. f4 O-O 14. c5 Bc7 15. Nf3 f6 16. Nh4 Be4 17. Bd3 Bxd3 18. Qxd3 f5 19. Ng6 Re8 20. Rf3 Nf6 21. Rh3 Kh7 22. Nh4 Ne4 23. Nf3 Kg8 24. Bc3 Kf7 25. Be1 Qd7 26. Bh4 Rh8 27. Nd2 Nxd2 28. Qxd2 g5 29. Bg3 g4 30. Rh5 Kg6 31. Rh4 Bd8 32. Rf1 Bxh4 33. Bxh4 Kh7 34. Bf6 Rhg8 35. Qf2 Qf7 36. Qh4 Rae8 37. Be5 Qe7 38. Bf6 Qf7 39. Be5 Rg6 40. Rb1 g3 41. hxg3 Reg8 42. Kf2 Rxg3 43. Qxg3 Rxg3 44. Kxg3 Qh5 45. Kf2 Qh4+ 46. Kf3 Qg4+ 47. Kf2 Kg6 48. Rh1 Kh7 49. Rb1 h5 50. Bf6 Qg6 51. Bg5 Qf7 52. b4 axb4 53. Rxb4 Kg6 54. Rb6 h4 55. Bxh4 Kh5 56. Bg5 Kg4 57. Rb1 Qh7 58. Rg1 Qh2 59. Bf6 Qh7 60. Bg5 Qh8 61. Rb1 Qh2 62. Rg1 Qg3+ 63. Ke2 Qh2 64. Kf2 Qg3+ 65. Ke2 Qh2 66. Kf2 1/2-1/2


[Site "https://www.chess.com"]

[Event "Titled Tuesday Blitz April 12 Early 2022"]
[White "Demin, Vladimir"]
[Black "Barria Zuniga, Daniel"]
[WhiteFideId "4167457"]
[BlackFideId "3400816"]
[WhiteElo "2391"]
[BlackElo "2414"]
[Result "1-0"]
[Round "06"]
[TimeControl "180+1"]
[Date "2022.04.13"]
[WhiteClock "0:00:49"]
[BlackClock "0:00:01"]

1. d4 Nf6 2. g4 Nxg4 3. e4 d5 4. Be2 Nf6 5. e5 Ng8 6. Nf3 Bg4 7. Rg1 Bxf3 8. Bxf3 e6 9. c4 c6 10. Nc3 Nd7 11. Bg5 Qb6 12. Qd2 dxc4 13. O-O-O Ne7 14. Bxe7 Bxe7 15. Rxg7 O-O-O 16. Rxf7 Nxe5 17. Rxe7 Nxf3 18. Qe3 Nxd4 19. Na4 Qb4 20. Rf7 Qxa4 21. Rxd4 Rxd4 22. Qxd4 Rd8 23. Qg4 Qxa2 24. Qxe6+ Kb8 25. Qe5+ Ka8 26. Qd6 Qa1+ 27. Kc2 Qa4+ 28. Kc1 Qa5 29. Rf8 Qe1+ 30. Kc2 Qe4+ 31. Kc3 Qe1+ 32. Kxc4 b5+ 33. Kb3 Rxf8 34. Qxc6+ Kb8 35. Qd6+ Kb7 36. Qxf8 Qe6+ 37. Ka3 1-0


[Site "https://www.chess.com"]

[Event "Titled Tuesday Blitz April 12 Early 2022"]
[White "Domingo Nunez, Alejandro"]
[Black "Meshkovs, Nikita"]
[WhiteFideId "22245561"]
[BlackFideId "11602740"]
[WhiteElo "2215"]
[BlackElo "2506"]
[Result "1/2-1/2"]
[Round "06"]
[TimeControl "180+1"]
[Date "2022.04.12"]
[WhiteClock "0:00:03"]
[BlackClock "0:00:03"]

1. Nf3 d5 2. g3 Nd7 3. d4 Nb6 4. a4 a5 5. Qd3 Nf6 6. Bg2 g6 7. Nbd2 Bf5 8. Qc3 Bg7 9. Nh4 Bd7 10. b3 Bc6 11. Ba3 Ne4 12. Nxe4 dxe4 13. e3 e6 14. Bf1 Nd5 15. Qd2 Bf8 16. Bxf8 Kxf8 17. Ng2 Kg7 18. Nf4 Nxf4 19. gxf4 Qh4 20. O-O-O Rhd8 21. Kb2 Rd5 22. c4 Rf5 23. Rg1 h5 24. Rg3 Kh6 25. Bg2 Ra6 26. Qc3 Qd8 27. d5 exd5 28. Bxe4 Rf6 29. f5 Qe7 30. fxg6 fxg6 31. cxd5 Be8 32. f3 Rab6 33. Qd4 Rb4 34. Qc3 Bxa4 35. Bc2 Bxb3 36. Bxb3 a4 37. d6 Rxb3+ 38. Qxb3 Rxd6 39. Qc2 Qe5+ 40. Ka2 Qe6+ 41. Kb2 Qe5+ 42. Ka2 Qe6+ 43. Kb2 Rb6+ 44. Ka1 Qe5+ 45. Rd4 c5 46. f4 Qe7 47. Rd2 Qf6+ 48. Ka2 Qe6+ 49. Ka1 Qf6+ 50. Ka2 Qe6+ 51. Ka1 Qf6+ 1/2-1/2


[Site "https://www.chess.com"]

[Event "Titled Tuesday Blitz April 12 Early 2022"]
[White "Dreev, Aleksey"]
[Black "Le, Tuan Minh"]
[WhiteFideId "4100107"]
[BlackFideId "12401153"]
[WhiteElo "2625"]
[BlackElo "2450"]
[Result "0-1"]
[Round "06"]
[TimeControl "180+1"]
[Date "2022.04.12"]
[WhiteClock "0:00:09"]
[BlackClock "0:00:05"]

1. d4 d5 2. c4 c6 3. cxd5 cxd5 4. Bg5 h6 5. Bh4 Qb6 6. Qd2 e6 7. Nc3 Ne7 8. f3 Nf5 9. Bf2 Bb4 10. e3 Bd7 11. Bd3 Nd6 12. Nge2 Bb5 13. O-O Bxd3 14. Qxd3 Qa6 15. Qxa6 Nxa6 16. e4 dxe4 17. fxe4 O-O 18. Rad1 Rfd8 19. a3 Bxc3 20. Nxc3 Nc4 21. d5 Rac8 22. dxe6 fxe6 23. Rxd8+ Rxd8 24. Bxa7 Nxb2 25. Rb1 Rd2 26. e5 Rc2 27. Ne4 Nd3 28. h3 Nc7 29. Rxb7 Nd5 30. Nf2 N3f4 31. g3 Ne2+ 32. Kg2 Ra2 33. Bc5 Nec3 34. Kf3 Na4 35. Bd6 Nb2 36. Rb8+ Kh7 37. Rc8 Na4 38. Rc4 Nab6 39. Rc6 Rb2 40. Nd3 Rb3 41. Ke2 Na4 42. Kd2 Nac3 43. Nc5 Rxa3 44. Nxe6 Ne4+ 45. Kc2 Rxg3 46. Bf8 Rf3 47. Bxg7 Nb4+ 48. Kb2 Nxc6 49. h4 Rf2+ 50. Kb3 Nd4+ 51. Nxd4 Kxg7 52. Kc4 Kf7 53. Kd5 Nc3+ 54. Kd6 Rd2 55. e6+ Kf6 56. Kc5 Ne4+ 57. Kd5 Ng3 58. Kc5 Nf5 0-1


[Site "https://www.chess.com"]

[Event "Titled Tuesday Blitz April 12 Early 2022"]
[White "Efremova, Yulia"]
[Black "Butti, Enrique"]
[WhiteFideId "14113953"]
[BlackFideId "3700470"]
[WhiteElo "2107"]
[BlackElo "2080"]
[Result "0-1"]
[Round "06"]
[TimeControl "180+1"]
[Date "2022.04.13"]
[WhiteClock "0:00:27"]
[BlackClock "0:00:55"]

1. d4 Nf6 2. Nf3 c5 3. c3 cxd4 4. cxd4 d5 5. Bf4 Nc6 6. e3 Ne4 7. Be2 e6 8. O-O Bd6 9. Bxd6 Qxd6 10. Nc3 Nxc3 11. bxc3 O-O 12. c4 dxc4 13. Bxc4 Na5 14. Bd3 b6 15. Bxh7+ Kxh7 16. Ng5+ Kg6 17. Qg4 f5 18. Qh4 Bb7 19. f4 Rh8 20. Qg3 Kf6 21. Nh3 Qd5 22. Nf2 Rh6 23. Qg5+ Kf7 24. Nd3 Nc4 25. Rf2 Rg6 26. Qh5 Rh8 27. Qxh8 Rxg2+ 28. Kf1 Nxe3+ 29. Ke2 Qf3+ 30. Kd2 Rxf2+ 31. Nxf2 Qxf2+ 32. Kc3 Qc2+ 33. Kb4 a5+ 34. Ka3 Qc3+ 0-1


[Site "https://www.chess.com"]